 Dungeon Crawl Stone Soup version 0.23-a0-558-g30802b1 (webtiles) character file.

71 MisterFreud the Conjurer (level 4, -3/36 HPs)
             Began as a Naga Fire Elementalist on Dec 11, 2018.
             Slain by a kobold
             ... wielding a +0 short sword
              (6 damage)
             ... on level 2 of the Dungeon.
             The game lasted 00:04:29 (1648 turns).

MisterFreud the Conjurer (Naga Fire Elementalist)   Turns: 1648, Time: 00:04:30

Health: -3/36      AC:  3    Str: 10    XL:     4   Next: 24%
Magic:  7/7        EV: 15    Int: 17    God:
Gold:   117        SH:  0    Dex: 16    Spells: 3/7 levels left

rFire    . . .     SeeInvis +   g - +0 dagger
rCold    . . .     Gourm    .   (no shield)
rNeg     . . .     Faith    .   a - +1 robe
rPois    +         Spirit   .   (no helmet)
rElec    .         Reflect  .   (no cloak)
rCorr    .         Harm     .   (no gloves)
MR       .....                  (no barding)
Stlth    +++.......             (no amulet)
HPRegen  0.12/turn              (no ring)
MPRegen  0.10/turn              (no ring)

@: agile, very slow
A: large, see invisible, deformed body, poison resistance, slowness 2, slow
metabolism 1, spit poison 1, AC +1
a: Spit Poison


You were on level 2 of the Dungeon.
You were hungry.

You visited 1 branch of the dungeon, and saw 2 of its levels.

You collected 117 gold pieces.

Inventory:

Hand Weapons
 g - a +0 dagger (weapon)
Missiles
 h - 108 stones (quivered)
 i - 32 arrows
 j - 31 bolts
Armour
 a - a +1 robe (worn)
Scrolls
 d - a scroll of identify
 e - a scroll of enchant armour
 f - a scroll of remove curse {unknown}
Potions
 b - a potion of cancellation {unknown}
 k - a potion of agility
 l - 2 potions of resistance
Comestibles
 c - 5 rations


   Skills:
 - Level 1.5 Dodging
 - Level 3.0 Stealth
 - Level 2.0 Spellcasting
 + Level 3.5 Conjurations
 + Level 3.4 Fire Magic


You had 3 spell levels left.
You knew the following spells:

 Your Spells              Type           Power        Failure   Level  Hunger
a - Flame Tongue          Conj/Fire      ##...        4%          1    #......
b - Conjure Flame         Conj/Fire      ##......     14%         3    ###....

Your spell library contained the following spells:

 Spells                   Type           Power        Failure   Level  Hunger
 Throw Flame              Conj/Fire      ##....       7%          2    ###....
 Inner Flame              Hex/Fire       #.......     28%         3    ###....
 Sticky Flame             Conj/Fire      ##......     41%         4    #####..
 Fireball                 Conj/Fire      ##........   77%         5    ######.


Dungeon Overview and Level Annotations

Branches:
Dungeon (2/15)

Altars:
Xom


Innate Abilities, Weirdness & Mutations

You cannot wear boots.
Your serpentine skin is tough. (AC +1)
You have supernaturally acute eyesight. (SInv)
Armour fits poorly on your strangely shaped body.
Your system is resistant to poisons. (rPois)
You cover ground very slowly.
You have a slow metabolism.
You can spit poison.


Message History

You kill the bat!
The kobold completely misses you.
The kobold hits you with a +0 short sword.
* * * LOW HITPOINT WARNING * * *
You see here a bat corpse.
You feel agile all of a sudden.
The kobold hits you with a +0 short sword.
* * * LOW HITPOINT WARNING * * *
An adder comes into view.
The kobold hits you with a +0 short sword.
* * * LOW HITPOINT WARNING * * *
You see here a fizzy orange potion.
b - a fizzy orange potion The kobold closely misses you.
The kobold closely misses you. The kobold closely misses you.
The kobold closely misses you.
You see here 8 gold pieces.
The kobold hits you with a +0 short sword.
You die...

#.# #.## ####...######.##
#g# #..### #.......#####.#
#g# ##...#
#.............## #.#
##.#s## #.......#####.#.
#s#
###...g.###.............#.
#.#
#.†.###.$.........#####.#.
#.###.#.# #.#g........#
#.#.
####.#(....#.#..K..#....##
#.##
#....#.#.......g@#......#
#...
#.##......##.##.........#
####
#.#...###.#...#.###.....#
###### #.#.#.# .... ....
.#...# #.....
#g#...###.#...#.# g....#
#..... #g###.....##.##..
.....# #.....
#..##..#........ #.....
##.##......#. .. #.....
#.##.##.#.# #.....


You could see 3 gnolls, a giant cockroach and a kobold.

Vanquished Creatures
  2 adders (D:2)
  2 oozes (D:1)
  A worm (D:2)
  3 dart slugs (D:1)
  A leopard gecko (D:2)
  2 ball pythons
  8 bats
  2 giant cockroaches (D:1)
  2 goblins (D:1)
  3 hobgoblins
  4 kobolds
  A quokka (D:2)
  2 frilled lizards (D:1)
  4 rats
37 creatures vanquished.

Notes
Turn   | Place    | Note
-------+----------+-------------------------------------------
     0 | D:1      | MisterFreud the Naga Fire Elementalist began the quest for
                  | the Orb.
     0 | D:1      | Reached XP level 1. HP: 15/15 MP: 3/3
   161 | D:1      | Reached XP level 2. HP: 16/22 MP: 0/5
   403 | D:1      | Reached XP level 3. HP: 19/28 MP: 6/6
  1205 | D:2      | Learned a level 3 spell: Conjure Flame
  1207 | D:2      | Found a shimmering altar of Xom.
  1360 | D:2      | Reached XP level 4. HP: 32/36 MP: 1/7
  1648 | D:2      | Slain by a kobold

Vault maps used:
D:1:      dpeg_arrival_water_altar, minmay_close_crescents
D:2:      cheibrodos_old_hovel, overflow_temple_1_default,
          minmay_fractal_squares_5

Skill      XL: |  1  2  3 |
---------------+----------+-----
Conjurations   | 2 3 |  3.5
Dodging        | |  1.5
Stealth        | |  3.0
Spellcasting   | |  2.0
Fire Magic     | |  3.4

Action                   |  1- 3 |  4- 6 || total
-------------------------+-------+-------++-------
Melee: Dagger            |    22 |     8 ||    30
 Cast: Flame Tongue      |    29 |     5 ||    34
 Abil: Spit Poison       |    26 |     4 ||    30
  Use: Scroll            |     6 |       ||     6
       Potion            |       |     1 ||     1
 Stab: Sleeping          |     1 |     2 ||     3
  Eat: Chunk             |     2 |     1 ||     3
Armor: Robe              |    19 |     8 ||    27
Dodge: Dodged            |    21 |    29 ||    50

Table legend:
 A = Non-vault XP
 B = Vault XP
 C = Vault XP percentage of total XP
 D = Non-vault monster count
 E = Vault monster count
 F = Vault count percentage of total count
                 A         B        C        D         E       F
            +---------+---------+-------+---------+---------+-------
      Total |      79 |      23 |  22.5 |      31 |       6 |  16.2
            +---------+---------+-------+---------+---------+-------
        D:1 |      41 |       7 |  14.6 |      16 |       3 |  15.8
        D:2 |      38 |      16 |  29.6 |      15 |       3 |  16.7
            +---------+---------+-------+---------+---------+-------
